 Dungeon Sprint DCSS version 0.22.1-1-ga44c0e56f4 (webtiles) character file.

695 Jukra the Blocker (level 7, 0/71 HPs)
             Began as a Minotaur Fighter on Sept 23, 2018.
             Was an Initiate of Elyvilon.
             Slain by a two-headed ogre
             ... wielding a +0 giant spiked club
              (24 damage)
             ... in the Dungeon (Sprint IX: "|||||||||||||||||||||||||||||").
             The game lasted 00:04:44 (420 turns).

Jukra the Blocker (Minotaur Fighter)                 Turns: 420, Time: 00:04:45

Health: 0/71       AC: 13    Str: 26    XL:     7   Next: 37%
Magic:  6/6        EV:  9    Int:  5    God:    Elyvilon [......]
Gold:   0          SH: 13    Dex: 12    Spells: 6/6 levels left

rFire    . . .     SeeInvis .   v - +3 war axe (chop)
rCold    . . .     Gourm    .   c - +0 shield
rNeg     . . .     Faith    .   y - +1 chain mail
rPois    .         Spirit   .   (helmet restricted)
rElec    .         Reflect  .   (no cloak)
rCorr    .         Harm     .   (no gloves)
MR       .....     NoTele   +   x - +0 pair of boots
Stlth    ..........             (no amulet)
HPRegen  0.21/turn              z - +3 ring of dexterity
MPRegen  0.10/turn              A - +3 ring of strength

@: no status effects
A: retaliatory headbutt, horns 2
a: Renounce Religion


You were in the Dungeon.
You worshipped Elyvilon.
Elyvilon was noncommittal.
You were not hungry.

You visited 1 branch

Inventory:

Hand Weapons
 a - a +0 war axe
 q - a +2 halberd of venom
 r - a +2 morningstar of crushing
 s - a +4 quarterstaff of speed
 t - a +2 rapier of venom
 u - the +2 scimitar of Paper {speed, rF++ Stlth+}
   (You found it in the Dungeon)

   Attacks with this weapon are significantly faster.
   It greatly protects you from fire.
   It makes you more stealthy.
 v - a +3 war axe of chopping (weapon)
Armour
 b - a +0 scale mail
 c - a +0 shield (worn)
 x - a +0 pair of boots (worn)
 y - a +1 chain mail (worn)
Magical Staves
 p - an uncursed staff of energy
Jewellery
 z - a +3 ring of dexterity (left hand)
 A - a +3 ring of strength (right hand)
Wands
 o - a wand of acid (10)
Scrolls
 k - 2 scrolls of blinking
 m - 3 scrolls of remove curse
 n - 2 scrolls of amnesia
Potions
 d - a potion of might
 e - 5 potions of curing
 g - 3 potions of heal wounds
 h - a potion of haste
 i - 4 potions of magic
 j - a potion of berserk rage
 l - a potion of invisibility
Comestibles
 f - a ration


   Skills:
 + Level 9.9 Fighting
 + Level 10.3 Axes
 + Level 8.9 Armour
 + Level 3.5 Dodging
 + Level 10.8 Shields


You had 6 spell levels left.
You didn't know any spells.
Your spell library was empty.

Dungeon Overview and Level Annotations

Branches:
Dungeon (1/1)

Altars:
Cheibriados
Dithmenos
Elyvilon
Fedhas
Gozag
Hepliaklqana
Kikubaaqudgha
Makhleb
Nemelex Xobeh
Okawaru
Qazlal
Ru
Sif Muna
Trog
Uskayaw
Vehumet
Wu Jian
Xom
Yredelemnul
Zin
The Shining One
Beogh
Jiyva
Lugonu


Innate Abilities, Weirdness & Mutations

You reflexively headbutt those who attack you in melee.
You have a pair of horns on your head.


Message History

You hit the two-headed ogre.
The two-headed ogre is heavily wounded.
You block the two-headed ogre's attack. The two-headed ogre barely misses you.
You slash the two-headed ogre!
The two-headed ogre is heavily wounded.
Unknown command.
You slice the two-headed ogre!!
The two-headed ogre is almost dead.
The two-headed ogre hits you with a giant spiked club!!
You block the two-headed ogre's attack.
Your chain mail prevents you from hitting the two-headed ogre.
The two-headed ogre is almost dead.
You block the two-headed ogre's attack.
The two-headed ogre hits you with a giant spiked club!
You hit the two-headed ogre but do no damage.
Your headbutt misses the two-headed ogre.
The two-headed ogre is almost dead.
The two-headed ogre barely misses you.
The two-headed ogre hits you with a giant spiked club!!
You die...

▓.▓
▓.▓
▓Z▓
▓o▓
▓c▓
▓T▓
▓O▓
▓@▓
▓.▓
▓.▓
▓.▓
▓.▓
▓)▓
▓)▓
▓.▓
▓.▓


You could see a centaur warrior, a two-headed ogre, a troll, an orc wizard and
an adder zombie.

Vanquished Creatures
  A hippogriff (D)
  A wraith (D)
  An ice beast (D)
  A phantom (D)
  A centaur (D)
  A killer bee (D)
  An orc priest (D)
  An adder (D)
  2 oozes (D)
  An orc (D)
  A giant cockroach (D)
  A goblin (D)
  A quokka (D)
  A bat (D)
  A frilled lizard (D)
  A leopard gecko skeleton (D)
17 creatures vanquished.

Vanquished Creatures (others)
  A spatial maelstrom (D)
1 creature vanquished.

Grand Total: 18 creatures vanquished

Notes
Turn   | Place    | Note
-------+----------+-------------------------------------------
     0 | D        | Jukra the Minotaur Fighter began the quest for the Orb.
     0 | D        | Reached XP level 1. HP: 19/19 MP: 0/0
     1 | D        | Banished a spatial maelstrom
    15 | D        | Reached XP level 2. HP: 27/27 MP: 1/1
    23 | D        | Noticed a centaur
    23 | D        | Noticed a phantom
    35 | D        | Killed a centaur
    35 | D        | Reached skill level 1 in Dodging
    35 | D        | Reached XP level 3. HP: 23/38 MP: 2/2
    35 | D        | Reached XP level 4. HP: 27/45 MP: 3/3
    48 | D        | Killed a phantom
    48 | D        | Reached XP level 5. HP: 26/52 MP: 4/4
   232 | D        | Found a roughly hewn altar of Beogh.
   232 | D        | Found a snail-covered altar of Cheibriados.
   232 | D        | Found a shadowy altar of Dithmenos.
   232 | D        | Found a white marble altar of Elyvilon.
   232 | D        | Found a blossoming altar of Fedhas.
   232 | D        | Found an opulent altar of Gozag.
   233 | D        | Found a hazy altar of Hepliaklqana.
   234 | D        | Found a viscous altar of Jiyva.
   235 | D        | Found an ancient bone altar of Kikubaaqudgha.
   236 | D        | Found a corrupted altar of Lugonu.
   241 | D        | Found a burning altar of Makhleb.
   242 | D        | Found a sparkling altar of Nemelex Xobeh.
   243 | D        | Found an iron altar of Okawaru.
   244 | D        | Found a stormy altar of Qazlal.
   245 | D        | Found a sacrificial altar of Ru.
   246 | D        | Found a deep blue altar of Sif Muna.
   247 | D        | Found a bloodstained altar of Trog.
   248 | D        | Found a hide-covered altar of Uskayaw.
   249 | D        | Found a radiant altar of Vehumet.
   250 | D        | Found an ornate altar of the Wu Jian Council.
   251 | D        | Found a shimmering altar of Xom.
   252 | D        | Found a basalt altar of Yredelemnul.
   253 | D        | Found a glowing silver altar of Zin.
   254 | D        | Found a glowing golden altar of the Shining One.
   280 | D        | Became a worshipper of Elyvilon the Healer
   311 | D        | Got the +2 scimitar of Paper {speed, rF++ Stlth+}
   345 | D        | Noticed a wraith
   345 | D        | Noticed an ice beast
   353 | D        | Killed an ice beast
   353 | D        | Reached XP level 6. HP: 62/62 MP: 5/5
   364 | D        | Killed a wraith
   364 | D        | Reached skill level 10 in Shields
   409 | D        | Noticed a centaur warrior
   409 | D        | Noticed a troll
   409 | D        | Noticed a two-headed ogre
   409 | D        | Noticed a hippogriff
   413 | D        | Killed a hippogriff
   413 | D        | Reached skill level 10 in Axes
   413 | D        | Reached XP level 7. HP: 71/71 MP: 6/6
   420 | D        | Slain by a two-headed ogre

Skill      XL: |  1  2  3  4  5  6 |
---------------+-------------------+-----
Armour         | 4 6 7 8 |  8.9
Shields        | 4 6 7 8 10 | 10.8
Fighting       | 4 6 7 8 9 |  9.9
Axes           | 4 6 7 10 | 10.3
Dodging        | 1 2 3 |  3.5

Action                   |  1- 3 |  4- 6 |  7- 9 || total
-------------------------+-------+-------+-------++-------
Melee: War axe           |    23 |    36 |     7 ||    66
       Headbutt          |     4 |    10 |     2 ||    16
Armor: Scale mail        |     6 |     5 |       ||    11
       Chain mail        |       |    12 |       ||    12
Dodge: Dodged            |    11 |     9 |     3 ||    23
Block: Shield            |    17 |    20 |     5 ||    42
